 Dungeon Crawl Stone Soup version 0.31-a0-806-g0bc164a743 (webtiles) character file.

Game seed: 969849864511970626

107 Shayle the Trooper (level 4, 0/46 HPs)
             Began as an Ogre Hexslinger on Sept 20, 2023.
             Slain by a sky beast (5 damage)
             ... on level 4 of the Dungeon.
             The game lasted 00:04:42 (2354 turns).

Shayle the Trooper (Ogre Hexslinger)                Turns: 2354, Time: 00:04:42

Health: 0/46       AC:  3    Str: 12    XL:     4   Next: 86%
Magic:  17/17      EV: 10    Int: 18    God:
Gold:   127        SH:  0    Dex: 15    Spells: 9/9 levels left

rFire   . . .        t - +10 mace of Earthquakes {heavy, rC+ Int+2 Dex+4}
rCold   + . .        (no shield)
rNeg    . . .        c - +0 robe
rPois   .            (helmet restricted)
rElec   .            (no cloak)
rCorr   .            (gloves unavailable)
SInv    .            (boots unavailable)
Will    .....        (no amulet)
Stlth   +            n - ring of magical power
HPRegen 0.27/turn    (no ring)
MPRegen 0.15/turn

%: no passive effects
@: no status effects
A: large, unfitting armour, tough skin 1
a: no special abilities


You were on level 4 of the Dungeon.
You visited 1 branch of the dungeon, and saw 4 of its levels.

You collected 127 gold pieces.

Inventory:

Hand Weapons
 a - a +1 sling
 i - a +1 dagger of holy wrath
 t - the +10 mace of Earthquakes (weapon) {heavy, rC+ Int+2 Dex+4}
   (You found it on level 3 of the Dungeon)

   Int+2:     It affects your intelligence (+2).
   Dex+4:     It affects your dexterity (+4).
   rC+:       It protects you from cold.
Armour
 c - a +0 robe (worn)
Jewellery
 f - an amulet of faith
 n - a ring of magical power (left hand)
Talismans
 m - a serpent talisman
Scrolls
 b - 2 scrolls of poison
 h - a scroll of teleportation {unknown}
 j - 4 scrolls of amnesia {unknown}
 o - 3 scrolls of identify {unknown}
 p - a scroll of summoning {unknown}
Potions
 d - a potion of ambrosia {unknown}
 g - a potion of lignification {unknown}
 k - 2 potions of enlightenment {unknown}
 l - a potion of berserk rage {unknown}
 q - a potion of degeneration {unknown}
 r - 2 potions of mutation {unknown}
 s - 2 potions of brilliance {unknown}


   Skills:
 + Level 3.6 Fighting
 - Level 1.3 Ranged Weapons
 - Level 1.7 Dodging
 + Level 3.0 Spellcasting
 - Level 2.6 Hexes
 + Level 2.3 Fire Magic


You had 9 spell levels left.
You didn't know any spells.
Your spell library contained the following spells:

 Spells                   Type           Power      Damage    Failure   Level
 Jinxbite                 Hex            24%        N/A       9%          2
 Sigil of Binding         Hex            12%        N/A       16%         3
 Inner Flame              Hex/Fire       11%        N/A       17%         3
 Cause Fear               Hex            6%         N/A       47%         4
 Dimensional Bullseye     Hex/Tloc       3%         N/A       67%         4
 Vhi's Electric Charge    Tloc/Air       4%         N/A       85%         4
 Arcjolt                  Conj/Air       1%         1d11      99%         5
 Maxwell's Capacitive Co  Air            1%         ∞         100%        8


Dungeon Overview and Level Annotations

Branches:
Dungeon (4/15)
 Temple: D:4-7

Altars:

Shops:
D:2 [

Annotations:
D:2 Sigmund


Innate Abilities, Weirdness & Mutations

You are too large for most types of armour.
You have tough skin. (AC +1)


Message History

There is a stone staircase leading up here.
Okay, then.
The sky beast flickers out of sight!
Deactivating autopickup; reactivate with Ctrl-A.
A sky beast appears from thin air!
Reactivating autopickup.
The sky beast closely misses you.
You miss the sky beast. The sky beast hits you. The sky beast shocks you.
The sky beast barely misses you.
You sock the sky beast!
The sky beast is moderately wounded.
The sky beast barely misses you. The sky beast closely misses you.
You closely miss the sky beast.
The sky beast is moderately wounded.
The sky beast hits you but does no damage.
The sky beast hits you. The sky beast shocks you. The sky beast hits you.
The sky beast shocks you.
You barely miss the sky beast.
The sky beast is moderately wounded.
The sky beast hits you but does no damage.
The sky beast hits you. The sky beast shocks you.
You sock the sky beast!
The sky beast is severely wounded.
The sky beast closely misses you. The sky beast hits you.
The sky beast shocks you.
* * * LOW HITPOINT WARNING * * *
You feel better. The sky beast completely misses you.
You hit the sky beast.
The sky beast is almost dead.
The sky beast barely misses you. x2
You barely miss the sky beast.
The sky beast is almost dead.
The sky beast hits you.
* * * LOW HITPOINT WARNING * * *
The sky beast shocks you.
* * * LOW HITPOINT WARNING * * *
The sky beast hits you.
* * * LOW HITPOINT WARNING * * *
The sky beast shocks you.
You die...

....).. #[......#
#####.......#
#...........#.
###..[..........
.##...............
.................
.......@)........
.......Y....#...
............# ...
............## ......
.....#.......## ......
.....##.......## ......
...............##......
.J...........#.......>.
...####.>....#.........


You could see a sky beast and a jelly (wandering).

Vanquished Creatures
  An iguana (D:3)
  An adder (D:2)
  A worm (D:3)
  2 dart slugs
  An orc (D:3)
  8 bats
  9 endoplasms
  7 giant cockroaches
  4 goblins
  4 hobgoblins
  4 kobolds
  3 quokkas
  5 ball pythons
  2 frilled lizards
  3 rats
55 creatures vanquished.

Notes
Turn   | Place    | Note
-------+----------+-------------------------------------------
     0 | D:1      | Shayle the Ogre Hexslinger began the quest for the Orb.
     0 | D:1      | Reached XP level 1. HP: 19/19 MP: 2/2
    39 | D:1      | Reached skill level 1 in Fire Magic
    86 | D:1      | Reached XP level 2. HP: 28/28 MP: 4/4
   585 | D:1      | Reached XP level 3. HP: 36/36 MP: 6/6
  1033 | D:2      | Found Pufat's Antique Armour Boutique.
  1135 | D:2      | Found a faded altar of an unknown god.
  1312 | D:2      | Reached XP level 4. HP: 24/45 MP: 7/7
  1411 | D:2      | Noticed Sigmund
  2013 | D:3      | Identified the +10 mace of Earthquakes {heavy, rC+ Int+2
                  | Dex+4}
  2324 | D:4      | Noticed a sky beast
  2354 | D:4      | Slain by a sky beast

Illustrated notes

Levels and vault maps discovered:
D:1:      dpeg_arrival_lava_temple_mockup, layout_basic
D:2:      layout_basic, serial_shops, shop,
          shapermc_ecumenical_altar_mp_vishouse, st_stairs_4,
          uniq_crazy_yiuf_cottage, uniq_sigmund
D:3:      layout_basic, hangedman_decor_push
D:4:      layout_cave_pools, gammafunk_ghost_abyssal_escape, uniq_menkaure,
          uniq_pikel

Skill      XL: |  1  2  3  4 |
---------------+-------------+-----
Fire Magic     | 1 2 |  2.3
Fighting       | 2 3 |  3.6
Spellcasting   | 2 3 |  3.0
Ranged Weapons | |  1.3
Dodging        | |  1.7
Hexes          | |  2.6

Action                     |  1- 3 |  4- 6 || total
---------------------------+-------+-------++-------
  Melee: Mace              |       |    14 ||    14
   Fire: Sling             |   134 |    40 ||   174
    Use: Potion            |     1 |     1 ||     2
 Armour: Robe              |    52 |    17 ||    69
  Dodge: Dodged            |    37 |    20 ||    57

Table legend: (Time is in decaauts)
 A = Elapsed time spent in this place.
 B = Non-inter-level travel time spent in this place.
 C = Inter-level travel time spent in this place.
 D = Time resting spent in this place.
 E = Time spent auto-exploring this place.
 F = Levels seen in this place.
 G = Mean time per level.
                   A        B        C        D        E       F      G
               +--------+--------+--------+--------+--------+-----+--------+
         Total |   2425 |   2333 |     92 |      0 |   1851 |   4 |  606.2 |
       Dungeon |   2425 |   2333 |     92 |      0 |   1851 |   4 |  606.2 |
               +--------+--------+--------+--------+--------+-----+--------+

Top non-repeatable levels by time:
     D:3: 880 daAuts
     D:1: 834 daAuts
     D:2: 634 daAuts
     D:4: 76 daAuts
